 Dungeon Crawl Stone Soup version 0.28.0 (webtiles) character file.

Game seed: 5267687743383594553

60 dorian the Gusty (level 4, -8/24 HPs)
             Began as a Tengu Air Elementalist on Feb 11, 2022.
             Killed by nerve-wracking pain
             ... invoked by an orc priest
              (9 damage)
             ... on level 3 of the Dungeon.
             The game lasted 00:03:46 (3032 turns).

dorian the Gusty (Tengu Air Elementalist)           Turns: 3032, Time: 00:03:47

Health: -8/24      AC:  2    Str:  8    XL:     4   Next: 6%
Magic:  0/8        EV: 12    Int: 17    God:
Gold:   77         SH:  0    Dex: 15    Spells: 5/8 levels left

rFire   . . .      SeeInvis .   (no weapon)
rCold   . . .      Faith    .   (no shield)
rNeg    . . .      Spirit   .   a - +0 robe
rPois   .          Reflect  .   (helmet restricted)
rElec   .          Harm     .   (no cloak)
rCorr   .          Rampage  .   (no gloves)
Will    .....                   (boots unavailable)
Stlth   ++........              (no amulet)
HPRegen 0.08/turn               (no ring)
MPRegen 0.11/turn               (no ring)

@: mighty
A: beak, talons 3
a: no special abilities


You were on level 3 of the Dungeon.
You visited 1 branch of the dungeon, and saw 3 of its levels.

You collected 77 gold pieces.

Inventory:

Missiles
 g - 2 boomerangs of dispersal
Armour
 a - a +0 robe (worn)
Jewellery
 e - an amulet of guardian spirit
Scrolls
 i - 2 scrolls of identify
Potions
 c - 3 potions of curing {unknown}
 d - a potion of heal wounds {unknown}
 f - a potion of degeneration {unknown}
 h - a potion of brilliance {unknown}
 j - a potion of lignification {unknown}


   Skills:
 - Level 2.1 Dodging
 - Level 2.0 Stealth
 + Level 2.5 Spellcasting
 * Level 3.2 Conjurations
 * Level 5.0 Air Magic


You had 5 spell levels left.
You knew the following spells:

 Your Spells              Type           Power      Damage    Failure   Level
a - Shock                 Conj/Air       64%        1d7       3%          1
b - Static Discharge      Conj/Air       16%        N/A       4%          2

Your spell library contained the following spells:

 Spells                   Type           Power      Damage    Failure   Level
 Swiftness                Air            19%        N/A       7%          3
 Airstrike                Air            9%         N/A       22%         4


Dungeon Overview and Level Annotations

Branches:
Dungeon (3/15)

Altars:

Shops:
D:1 (


Innate Abilities, Weirdness & Mutations

You have a beak for a mouth.
You have claws for feet.


Message History

The zap misses the orc.
The zap hits the orc!
You kill the orc!
Your magical contamination has completely faded away.
An orc priest comes into view. It is wielding a +0 hand axe.
The zap hits the orc priest.
The orc priest is lightly wounded.
The orc priest shouts!
The zap hits the orc priest.
The orc priest is moderately wounded.
A rat comes into view.
The zap hits the orc priest.
The orc priest is moderately wounded.
The zap hits the rat!
You kill the rat!
The zap misses the orc priest.
The zap hits the orc priest but does no damage.
The orc priest is moderately wounded.
The orc priest calls down the wrath of Beogh upon you.
Beogh smites you!
You hear a shout!
The zap hits the orc priest.
The orc priest is heavily wounded.
You are too depleted to draw on your mana recklessly!
The orc priest barely misses you.
You barely miss the orc priest. Your kick misses the orc priest.
The orc priest is heavily wounded.
The orc priest calls down the wrath of Beogh upon you.
Pain shoots through your body!
Ouch! That really hurt!
* * * LOW HITPOINT WARNING * * *
You are too injured to fight recklessly!
Unknown command.
You feel very mighty all of a sudden.
The orc wizard gestures wildly while chanting.
The orc wizard flickers and vanishes!
Deactivating autopickup; reactivate with Ctrl-A.
The orc priest invokes the aid of Beogh against you.
Pain shoots through your body!
You die...

....#.. ....#.#
#+# ...'
....#.#########.##
...#
....#.#..........+
{...+
....#.#.#######.##
... '##.#.#.# #.#
).. ..#.#'#.###
#.##.##
..#.......#
#.#o..#
..#.......#
##.@...#
..#.......#
#$.....#
..#.......#
#......#
#.#.......#
#......#
#.#.......#
#......#
#.#.......#
#....###
#.........# #....#
#.........# #....#
#...#.#'### ######


You could see an orc priest.

Vanquished Creatures
  An adder (D:3)
  2 worms (D:2)
  An orc (D:3)
  3 endoplasms
  4 giant cockroaches
  4 goblins
  A hobgoblin (D:1)
  3 quokkas
  6 ball pythons
  5 bats
  4 frilled lizards (D:1)
  2 kobolds (D:1)
  8 rats
44 creatures vanquished.

Vanquished Creatures (others)
  A fungus (D:1)
  3 plants (D:1)
4 creatures vanquished.

Grand Total: 48 creatures vanquished

Notes
Turn   | Place    | Note
-------+----------+-------------------------------------------
     0 | D:1      | dorian the Tengu Air Elementalist began the quest for the
                  | Orb.
     0 | D:1      | Reached XP level 1. HP: 10/10 MP: 4/4
   202 | D:1      | Found Larume's Antique Weapon Emporium.
   519 | D:1      | Reached XP level 2. HP: 15/15 MP: 3/6
   782 | D:1      | Found a faded altar of an unknown god.
  1197 | D:1      | Reached XP level 3. HP: 19/19 MP: 5/7
  1424 | D:1      | Learned a level 2 spell: Static Discharge
  2295 | D:3      | Reached skill level 5 in Air Magic
  2855 | D:3      | Reached XP level 4. HP: 24/24 MP: 6/8
  3031 | D:3      | HP: 1/24 [orc priest/nerve-wracking pain (13)]
  3032 | D:3      | Killed from afar by an orc priest

Illustrated notes

Levels and vault maps discovered:
D:1:      saegor_arrival_miasma, layout_basic,
          shapermc_ecumenical_altar_mp_urbaneastern, serial_shops, shop_statue
D:2:      layout_basic, serial_bayou_lagoon_a
D:3:      layout_basic, st_stairs_12

Skill      XL: |  1  2  3 |
---------------+----------+-----
Conjurations   | 2 3 |  3.2
Air Magic      | 5 |  5.0
Dodging        | |  2.1
Stealth        | |  2.0
Spellcasting   | |  2.5

Action                   |  1- 3 |  4- 6 || total
-------------------------+-------+-------++-------
Melee: Unarmed           |    16 |     1 ||    17
       Kick              |     5 |       ||     5
       Peck              |     1 |       ||     1
 Cast: Shock             |    84 |    10 ||    94
       Static Discharge  |     1 |       ||     1
  Use: Scroll            |     5 |       ||     5
       Potion            |       |     1 ||     1
Armor: Robe              |     7 |       ||     7
Dodge: Dodged            |    11 |     1 ||    12
